 Dungeon Crawl Stone Soup version 0.17.1-3-g152610e (webtiles) character file.

195 Jerry the Conjurer (level 5, -4/38 HPs)
             Began as a Draconian Air Elementalist on Mar 29, 2016.
             Slain by cada's ghost (10 damage)
             ... on level 4 of the Dungeon.
             The game lasted 00:21:36 (3249 turns).

Jerry the Conjurer (Draconian Air Elementalist)     Turns: 3249, Time: 00:21:37

Health: -4/38      AC:  5    Str: 10    XL:     5   Next: 45%
Magic:  0/8        EV: 12    Int: 17    God:
Gold:   217        SH:  6    Dex: 11    Spells: 2 memorised, 5 levels left

rFire  . . .     SeeInvis .     h - +0 dagger (holy)
rCold  . . .     Clarity  .     (armour unavailable)
rNeg   . . .     SustAt   .     l - +2 buckler
rPois  .         Gourm    .     (helmet restricted)
rElec  .         Spirit   .     (no cloak)
rCorr  .         Warding  .     (no gloves)
rMut   .         Stasis   .     (no boots)
MR     .....                    (no amulet)
Stlth  ++........               (no ring)
                                (no ring)

@: very slightly contaminated, not resistant to hostile enchantments, unstealthy
A: unfitting armour, cold-blooded, AC +5
a: no special abilities


You were on level 4 of the Dungeon.
You were hungry.

You visited 1 branch of the dungeon, and saw 4 of its levels.

You collected 217 gold pieces.

Inventory:

Hand Weapons
 f - a +0 spear
 h - a +0 dagger of holy wrath (weapon)
Armour
 l - a +2 buckler (worn)
Scrolls
 e - a scroll of identify
 y - a scroll of remove curse
Potions
 c - a potion of brilliance {unknown}
 g - a potion of mutation {unknown}
 i - 4 potions of curing
 j - a potion of haste {unknown}
 k - a potion of magic {unknown}
 n - 2 potions of agility {unknown}
 o - a potion of cancellation {unknown}
 p - 4 potions of poison
 q - a potion of heal wounds {unknown}
 s - a potion of flight {unknown}
 t - a potion of might {unknown}
 x - a potion of berserk rage {unknown}
Books
 a - a book of Air

   Spells                             Type                      Level
   a - Shock                          Conjuration/Air              1
   b - Swiftness                      Charms/Air                   2
   c - Repel Missiles                 Charms/Air                   2
   d - Static Discharge               Conjuration/Air              3
   e - Lightning Bolt                 Conjuration/Air              5
Comestibles
 b - 3 bread rations
 d - 3 beef jerkies
 r - a slice of pizza
 v - 5 fruits


   Skills:
 - Level 1.7 Dodging
 - Level 1.7 Stealth
 + Level 3.1 Shields
 + Level 2.1 Spellcasting
 - Level 4.1 Conjurations
 - Level 3.0 Air Magic


You had 5 spell levels left.
You knew the following spells:

 Your Spells              Type           Power        Failure   Level  Hunger
a - Shock                 Conj/Air       ##..         6%          1    #......
b - Swiftness             Chrm/Air       #.......     17%         2    ###....


Dungeon Overview and Level Annotations

Branches:
Dungeon (4/15)
 Temple: D:4-7

Altars:

Annotations:
D:4 cada's ghost, novice OpTm


Innate Abilities, Weirdness & Mutations

Your plain brown scales are hard (AC +5).
Your body does not fit into most forms of armour.
You are cold-blooded and may be slowed by cold attacks.


Message History

Casting: Shock
Confirm with . or Enter, or press ? or * to list all spells.
Aiming: Shock
Press: ? - help, Shift-Dir - straight line, f/p - cada's ghost
Aim: cada's ghost (severely damaged) That beam is likely to hit you.
Continue anyway?
The zap hits cada's ghost.
Cada's ghost is severely damaged.
The zap misses cada's ghost.
The zap misses you. You block cada's ghost's attack.
Casting: Shock
Confirm with . or Enter, or press ? or * to list all spells.
Aiming: Shock
Press: ? - help, Shift-Dir - straight line, f/p - cada's ghost
Aim: cada's ghost (severely damaged) That beam is likely to hit you.
Continue anyway?
The zap misses cada's ghost.
The zap hits cada's ghost.
Cada's ghost is severely damaged.
The zap misses you. Cada's ghost hits you!
You die...

#.. ##... .#.# ..
#.##### ...# #.#
#.....## ###...# ..
#####..####....# .#
##..##..#....... ##.#
###......#........ #..#
##...##@##......... #.#
###..####W...........
<.#
#...###..............
.##
####.......##..........h
.#
#.....#####...#.........
#####.##.## ..........
##....##.# ###......
...###...... #..# ####
....##


You could see cada's ghost.

Vanquished Creatures
  2 orc wizards (D:3)
  7 adders
  An ooze (D:2)
  A worm (D:3)
  2 giant geckos
  8 orcs (D:3)
  7 bats
  5 goblins
  6 hobgoblins
  A jackal (D:4)
  A quokka (D:3)
  A giant cockroach (D:3)
  4 giant newts
  8 kobolds
  7 rats
61 creatures vanquished.

Notes
Turn   | Place    | Note
--------------------------------------------------------------
     0 | D:1      | Jerry the Draconian Air Elementalist began the quest for the Orb.
     0 | D:1      | Reached XP level 1. HP: 14/14 MP: 3/3
   269 | D:1      | Reached XP level 2. HP: 20/20 MP: 5/5
   764 | D:2      | Reached XP level 3. HP: 23/26 MP: 0/6
  1004 | D:2      | Reached skill level 1 in Shields
  1636 | D:3      | Reached XP level 4. HP: 33/33 MP: 4/7
  2574 | D:3      | Reached skill level 4 in Conjurations
  2574 | D:3      | Reached XP level 5. HP: 32/38 MP: 1/8
  2578 | D:3      | Learned a level 2 spell: Swiftness
  3242 | D:4      | Noticed cada's ghost (novice OpTm)
  3249 | D:4      | Slain by cada's ghost

Action                   |  1- 3 |  4- 6 || total
-------------------------+-------+-------++-------
Melee: Spear             |    44 |    25 ||    69
       Unarmed           |     2 |       ||     2
       Dagger            |       |     9 ||     9
 Cast: Shock             |    49 |    87 ||   136
  Use: Scroll            |       |    11 ||    11
 Stab: Sleeping          |     1 |       ||     1
  Eat: Chunk             |     3 |     6 ||     9
